 Dungeon Crawl Stone Soup version 0.30.1-1-g62c8e00024 (webtiles) character file.

Game seed: 3628396763487196922

103072 cheesebisquit the Severer (level 16, -16/155 HPs)
             Began as a Hill Orc Fighter on July 15, 2023.
             Was the Champion of Beogh.
             Shot with a bolt by a naga sharpshooter (17 damage)
             ... led by Vashnia
             ... on level 2 of the Snake Pit on July 16, 2023.
             The game lasted 02:01:09 (36089 turns).

cheesebisquit the Severer (Hill Orc Fighter)       Turns: 36089, Time: 02:01:10

Health: -16/155    AC: 24    Str: 38    XL:     16   Next: 35%
Magic:  26/26      EV: 10    Int: 15    God:    Beogh [******]
Gold:   445        SH: 10    Dex:  7    Spells: 15/15 levels left

rFire   . . .        a - +7 war axe (freeze)
rCold   + . .        L - +0 kite shield
rNeg    . . .        d - +3 plate armour {rPois}
rPois   +            j - +0 hat {Will+}
rElec   .            X - +0 cloak "Tuoboit" {rCorr Str+6 Int+3}
rCorr   +            U - +0 pair of gloves
SInv    .            e - +1 pair of boots
Will    +....        v - amulet of Piul {Acrobat Slay+3} Stlth
                     S - ring of Attitude {rPois rF+ Int+6 Dex-5 Slay+2}
HPRegen 0.45/turn    y - ring "Wutzum" {Ice Will- Str+7 Int-2}
MPRegen 0.20/turn

%: acrobat
@: on berserk cooldown, slowed, studying Dodging, very slow
A: walk on water
a: Renounce Religion, Smiting, Recall Orcish Followers, Give Item to Named
Follower, Resurrection


You were on level 2 of the Snake Pit.
You worshipped Beogh.
Beogh was exalted by your worship.
You visited 5 branches of the dungeon, and saw 25 of its levels.

You collected 3432 gold pieces.
You spent 2987 gold pieces at shops.

Inventory:

Hand Weapons
 a - a +7 war axe of freezing (weapon)
 b - a +0 morningstar
 h - a +0 glaive of flaming
 q - a +0 halberd
 K - a +0 halberd
 Q - a +2 trident of venom
Missiles
 J - 22 poisoned darts
 O - 3 curare-tipped darts
 P - 5 boomerangs (quivered)
 T - 6 javelins
Armour
 d - a +3 plate armour of poison resistance (worn)
 e - a +1 pair of boots (worn)
 j - a +0 hat of willpower (worn)
 I - the +1 cloak "Cyqiv" {Regen+}
   (You found it on level 9 of the Dungeon)

   Regen:     It increases your rate of health regeneration.
 L - a +0 kite shield (worn)
 U - a +0 pair of gloves (worn)
 X - the +0 cloak "Tuoboit" (worn) {rCorr Str+6 Int+3}
   (You found it on level 4 of the Lair of Beasts)

   Str:       It affects your strength (+6).
   Int:       It affects your intelligence (+3).
   rCorr:     It protects you from acid and corrosion.
Jewellery
 v - the amulet of Piul (around neck) {Acrobat Slay+3}
   (You took it off a naga ritualist on level 1 of the Snake Pit)

   [amulet of the acrobat]

   It increases your evasion while moving and waiting.
   Slay:      It affects your accuracy & damage with ranged weapons and melee
   (+3).
 y - the ring "Wutzum" (right hand) {Ice Will- Str+7 Int-2}
   (You found it on level 5 of the Lair of Beasts)

   [ring of ice]

   It enhances your ice magic.
   Str:       It affects your strength (+7).
   Int:       It affects your intelligence (-2).
   rF:        It makes you vulnerable to fire.
   rC:        It protects you from cold.
   Will:      It decreases your willpower.
 B - the ring "Golonit" {MP+9 Stlth+}
   (You found it on level 5 of the Lair of Beasts)

   [ring of magical power]

   MP:        It affects your magic capacity (+9).
   Stlth:     It makes you more stealthy.
 D - a +6 ring of strength
 S - the ring of Attitude (left hand) {rPois rF+ Int+6 Dex-5 Slay+2}
   (You found it on level 8 of the Dungeon)

   [ring of intelligence]

   Int:       It affects your intelligence (+6).
   Dex:       It affects your dexterity (-5).
   Slay:      It affects your accuracy & damage with ranged weapons and melee
   (+2).
   rF:        It protects you from fire.
   rPois:     It protects you from poison.
 Z - a ring of protection from fire
Wands
 o - a wand of polymorph (15)
 w - a wand of acid (5)
 C - a wand of flame (15)
 F - a wand of mindburst (6)
 N - a wand of roots (16)
 W - a wand of digging (1)
Scrolls
 f - 2 scrolls of vulnerability
 g - 2 scrolls of silence
 n - 2 scrolls of identify
 p - 4 scrolls of magic mapping
 s - 5 scrolls of immolation
 E - a scroll of brand weapon
 G - 12 scrolls of teleportation
 H - a scroll of poison
 M - 3 scrolls of fear
 V - 3 scrolls of fog
 Y - a scroll of blinking
Potions
 c - 2 potions of ambrosia
 i - 2 potions of curing
 k - 4 potions of magic
 l - 3 potions of mutation
 m - 5 potions of lignification
 r - 3 potions of haste
 t - 2 potions of might
 u - 2 potions of brilliance
 x - 5 potions of cancellation
 A - 5 potions of flight
 R - a potion of resistance


   Skills:
 * Level 17.5 Fighting
 + Level 18.9 Axes
 + Level 11.9 Armour
 + Level 9.1 Dodging
 + Level 11.9 Shields
 + Level 13.4 Invocations


You had 15 spell levels left.
You didn't know any spells.
Your spell library contained the following spells:

 Spells                   Type           Power      Damage    Failure   Level
 Apportation              Tloc           0%         N/A       86%         1
 Freeze                   Ice            0%         1d3       86%         1
 Sting                    Tmut/Pois      0%         1d3       86%         1
 Ensorcelled Hibernation  Hex/Ice        0%         N/A       94%         2
 Lesser Beckoning         Tloc           0%         N/A       94%         2
 Searing Ray              Conj           0%         2d4       94%         2
 Sublimation of Blood     Necr           0%         N/A       94%         2
 Frozen Ramparts          Ice            0%         1d1       99%         3
 Gell's Gravitas          Tloc           0%         N/A       99%         3
 Hailstorm                Conj/Ice       0%         3d3       99%         3
 Ozocubu's Armour         Ice            0%         N/A       99%         3
 Spider Form              Tmut/Pois      0%         N/A       99%         3
 Teleport Other           Tloc           0%         N/A       99%         3
 Anguish                  Hex/Necr       0%         N/A       100%        4
 Fulminant Prism          Conj/Hex       0%         3d5       100%        4
 Petrify                  Tmut/Erth      0%         N/A       100%        4
 Sticky Flame             Conj/Fire      0%         2d3       100%        4
 Alistair's Intoxication  Tmut/Pois      0%         N/A       100%        5
 Irradiate                Conj/Tmut      0%         3d11      100%        5
 Iskenderun's Battlesphe  Conj           0%         2d6       100%        5
 Metabolic Englaciation   Hex/Ice        0%         N/A       100%        5
 Dispersal                Tloc           0%         N/A       100%        6
 Iron Shot                Conj/Erth      0%         9d1       100%        6
 Simulacrum               Ice/Necr       0%         N/A       100%        6
 Spellforged Servitor     Conj/Summ      0%         N/A       100%        7
 Lehudib's Crystal Spear  Conj/Erth      0%         10d2      100%        8


Dungeon Overview and Level Annotations

Branches:
Dungeon (15/15)            Temple (1/1) D:7            Lair (5/5) D:10
 Shoals (0/4) Lair:3        Snake (2/4) Lair:3        Slime (0/5) Lair:4
    Orc (2/2) D:11            Elf (0/3) Orc:2        Vaults (0/5) D:14
 Depths (0/4) D:15

Altars:
Ashenzari
Cheibriados
Dithmenos
Elyvilon
Fedhas
Gozag
Hepliaklqana
Kikubaaqudgha
Makhleb
Nemelex Xobeh
Okawaru
Qazlal
Ru
Sif Muna
Trog
Uskayaw
Vehumet
Wu Jian
Xom
Yredelemnul
Zin
The Shining One

Shops:
D:2 [!:![   Orc:2 ([*!   Snake:1 :

Annotations:
Snake:1 2 transporters, ShellytheWitch's ghost, journeyman OgAE
Snake:2 Rosiov's ghost, adept GnDe


Message History

The naga sharpshooter is moderately wounded.
You slash the naga sharpshooter! You freeze the naga sharpshooter.
You feel sick.
The naga sharpshooter casts a spell.
The naga sharpshooter magically shoots an arrow.
You block the arrow.
The naga sharpshooter shoots a bolt.
You block the bolt.
You carve the naga sharpshooter like a ham!!!
You freeze the naga sharpshooter.
The naga sharpshooter is almost dead.
You slice the naga sharpshooter!! You freeze the naga sharpshooter!
You feel sick.
The naga sharpshooter shoots an arrow.
The arrow hits you!
* * * LOW HITPOINT WARNING * * *
The naga sharpshooter casts a spell.
The naga sharpshooter magically shoots a bolt.
You block the bolt.
The naga sharpshooter shoots an arrow.
The arrow misses you.
You feel better.
The naga sharpshooter shoots a bolt.
The bolt hits you.
* * * LOW HITPOINT WARNING * * *
The naga sharpshooter casts a spell.
The naga sharpshooter magically shoots an arrow.
The arrow hits you.
* * * LOW HITPOINT WARNING * * *
The naga sharpshooter shoots a bolt.
The bolt hits you!
* * * LOW HITPOINT WARNING * * *
You feel better.
The naga sharpshooter spits poison at you.
The splash of poison hits you but does no damage.
You resist.
The naga sharpshooter shoots a bolt.
The bolt hits you!
* * * LOW HITPOINT WARNING * * *
The naga sharpshooter shoots an arrow.
The arrow hits you!
* * * LOW HITPOINT WARNING * * *
You open the naga sharpshooter like a pillowcase!!!
You freeze the naga sharpshooter.
You kill the naga sharpshooter!
Beogh accepts your kill.
You barely miss the naga sharpshooter.
The naga sharpshooter gestures wildly while chanting. x2
The naga sharpshooter magically shoots a bolt.
The bolt hits you!
You die...

#### ..# #)#
####.##### #
#........#..
#........#.#
#........#.#
#..........#
#....@...#.## ..
#....)N....©# #...#:#
#..........##..##. ( #
##.........#WS.#...#.#
#.........##S...#S.#
#..........##...W.
#...........#####
#.........#.....###..
#.........####<......


You could see a naga sharpshooter and Rosiov's ghost.

Vanquished Creatures
  Vashnia (Snake:2)
  Gastronok (Lair:1)
  An ironbound preserver (D:14)
  Azrael (D:15)
  An ettin (D:15)
  A yaktaur captain (D:13)
  Josephine (Orc:2)
  5 hydras
  Erolcha (D:11)
  Fannar (Orc:1)
  A salamander tyrant (Snake:2)
  Erica (Orc:1)
  A boulder beetle (D:12)
  3 centaur warriors
  3 two-headed ogres
  The ghost of boopmooplesden the Basher, a journeyman GrBe of Trog (Lair:1)
  An anaconda (Snake:1)
  A tengu warrior (D:13)
  A naga warrior (Snake:1)
  A two-headed ogre (shapeshifter) (D:9)
  9 naga sharpshooters
  2 orc high priests
  4 shock serpents (Snake:1)
  4 skeletal warriors (D:14)
  A salamander mystic (Snake:2)
  2 skysharks (Lair:5)
  The ghost of jujuben the Geomancer, a novice GrEE of Cheibriados (D:8)
  A deep troll (D:15)
  4 naga ritualists
  2 wizards (D:15)
  Pikel (D:9)
  3 mana vipers (Snake:1)
  4 orc knights
  A wolf spider (D:15)
  6 ugly things
  An orc sorcerer (Orc:2)
  3 oklob plants
  3 manticores
  2 salamanders
  4 cyclopes
  16 black mambas
  6 elephants
  4 gargoyles
  3 naga magi (Snake:1)
  A kobold demonologist (D:9)
  5 cane toads
  5 rime drakes
  5 komodo dragons
  3 polar bears
  2 tengu conjurers
  A hornet (shapeshifter) (D:15)
  A tarantella (shapeshifter) (D:14)
  7 trolls
  A dream sheep (Lair:5)
  A blink frog (Lair:1)
  19 slime creatures
  2 shadows
  A spriggan (Lair:3)
  A vampire (D:12)
  A wraith (Orc:2)
  5 water elementals
  2 basilisks (Lair:5)
  Eustachio (D:5)
  4 fire elementals
  5 wyverns
  5 steam dragons
  29 yaks
  Menkaure (D:5)
  3 wargs
  3 vampire mosquitoes
  4 hell hounds
  5 water moccasins
  12 nagas
  11 orc warriors
  2 ice beasts
  A black bear (Lair:3)
  A sky beast (D:7)
  A tengu (shapeshifter) (D:12)
  7 centaurs
  9 ogres
  3 lemures (D:9)
  5 wolves
  A kobold brigand (D:9)
  A scorpion (D:7)
  A skyshark simulacrum (Lair:1)
  10 bullfrogs
  A cane toad simulacrum (Lair:1)
  2 gnoll sergeants
  9 wights
  7 howler monkeys
  8 electric eels
  A rime drake simulacrum (Lair:1)
  2 lava snakes (Lair:5)
  A gnoll bouda (D:7)
  2 jellies
  4 hounds
  8 orc priests
  2 sleepcaps
  4 iguanas
  13 orc wizards
  2 bullfrog simulacra (Lair:1)
  10 adders
  19 gnolls
  An ufetubus (D:5)
  3 worms (D:4)
  3 dart slugs
  18 orcs
  2 bats
  4 endoplasms
  4 giant cockroaches
  4 hobgoblins
  8 jackals
  12 kobolds
  6 quokkas
  6 ball pythons
  2 frilled lizards
  2 goblins
  3 rats
476 creatures vanquished.

Vanquished Creatures (collateral kills)
  Rupert (Lair:4)
  Jorgrun (D:12)
  A fire dragon (Lair:5)
  Snorg (D:10)
  A rakshasa (D:15)
  A death knight (D:15)
  A hydra (Lair:5)
  3 boulder beetles
  3 two-headed ogres
  2 tengu warriors
  3 death yaks (Lair:3)
  A skeletal warrior (D:15)
  A deep troll (D:15)
  3 orc knights
  A flayed ghost (D:13)
  A lindwurm (Lair:5)
  A wizard (D:14)
  A mana viper (shapeshifter) (D:15)
  A phantasmal warrior (D:15)
  An oklob plant (Lair:4)
  3 cyclopes
  4 orc sorcerers
  A salamander (Snake:1)
  9 ugly things
  3 elephants
  2 black mambas
  3 molten gargoyles (Lair:5)
  6 cane toads
  A freezing wraith (D:15)
  A komodo dragon (shapeshifter) (D:13)
  5 komodo dragons
  A yaktaur (D:15)
  3 trolls
  A polar bear (Lair:4)
  Prince Ribbit (Lair:1)
  A blink frog (Lair:1)
  6 dream sheep (Lair:5)
  2 slime creatures
  4 wyverns
  6 wraiths
  2 water elementals
  11 yaks
  A steam dragon (Lair:5)
  5 vampire mosquitoes
  2 nagas
  6 water moccasins
  3 wargs
  A hell hound (Lair:5)
  4 orc warriors
  10 wolves
  2 ogres
  A centaur (D:11)
  5 bullfrogs
  A howler monkey (D:10)
  2 electric eels
  A lava snake (Lair:5)
  4 orc priests
  6 orc wizards
  11 orcs
170 creatures vanquished.

Vanquished Creatures (others)
  4 orc sorcerers
  2 orc knights
  11 orc warriors
  A rime drake (Lair:1)
  2 hell hounds
  9 orc priests
  5 orc wizards
  29 orcs
63 creatures vanquished.

Grand Total: 709 creatures vanquished

Notes
Turn   | Place    | Note
-------+----------+-------------------------------------------
     0 | D:1      | cheesebisquit the Hill Orc Fighter began the quest for the
                  | Orb.
     0 | D:1      | Reached XP level 1. HP: 19/19 MP: 1/1
    27 | D:1      | Reached skill level 3 in Axes
    84 | D:1      | Reached XP level 2. HP: 13/26 MP: 2/2
   254 | D:1      | Reached skill level 4 in Axes
   423 | D:1      | Reached XP level 3. HP: 26/31 MP: 3/3
   766 | D:2      | Found Qigek's Distillery.
   775 | D:2      | You fall into a shaft and drop 2 floors!
   878 | D:2      | Identified the +4 mace of Lounycs {vamp, Int+2}
   885 | D:2      | Reached skill level 5 in Axes
   892 | D:2      | Reached XP level 4. HP: 26/39 MP: 4/4
   990 | D:2      | Reached skill level 6 in Axes
  1159 | D:2      | Reached XP level 5. HP: 22/45 MP: 5/5
  1266 | D:2      | Found Anyikior's Distillery.
  1342 | D:2      | Found Math's Armour Emporium.
  1390 | D:2      | Found Piruxt's Book Emporium.
  1453 | D:2      | Found a faded altar of an unknown god.
  1683 | D:2      | Found Odorur's Armour Boutique.
  1797 | D:2      | Reached skill level 7 in Axes
  2089 | D:2      | Bought a potion of heal wounds for 60 gold pieces
  2089 | D:2      | Bought a potion of curing for 36 gold pieces
  2691 | D:3      | Found an iron altar of Okawaru.
  2691 | D:3      | Found a bloodstained altar of Trog.
  2905 | D:4      | Reached skill level 8 in Axes
  2905 | D:4      | Reached XP level 6. HP: 50/51 MP: 6/6
  3060 | D:2      | Bought a potion of heal wounds for 60 gold pieces
  3165 | D:4      | Reached skill level 9 in Axes
  3173 | D:4      | Reached XP level 7. HP: 20/57 MP: 7/7
  3559 | D:4      | Became a worshipper of Beogh the Brigand
  3660 | D:4      | Reached skill level 10 in Axes
  3881 | D:4      | Found a shimmering altar of Xom.
  4404 | D:5      | Entered Level 5 of the Dungeon
  4470 | D:5      | Noticed Eustachio
  4619 | D:5      | Reached skill level 11 in Axes
  4784 | D:2      | Bought a potion of heal wounds for 60 gold pieces
  4813 | D:2      | Bought a potion of attraction for 42 gold pieces
  4813 | D:2      | Bought a potion of curing for 42 gold pieces
  4921 | D:5      | Killed Eustachio
  4922 | D:5      | Reached XP level 8. HP: 32/64 MP: 8/8
  5049 | D:5      | Noticed Menkaure
  5063 | D:5      | Reached skill level 12 in Axes
  5064 | D:5      | Killed Menkaure
  5176 | D:5      | Got Sif Muna's Encyclopedia of Disjunct Damage
  5525 | D:6      | HP: 1/53 [wight/+4 battleaxe of freezing (6)]
  5850 | D:2      | Bought a potion of heal wounds for 70 gold pieces
  6002 | D:6      | Reached skill level 13 in Axes
  6013 | D:6      | Reached * piety under Beogh
  6349 | D:6      | Noticed a wyvern
  6357 | D:6      | Killed a wyvern
  6358 | D:6      | Reached skill level 14 in Axes
  6448 | D:6      | Reached skill level 1 in Invocations
  6448 | D:6      | Reached XP level 9. HP: 71/71 MP: 9/9
  6786 | D:7      | Reached skill level 1 in Dodging
  6895 | D:7      | Found a staircase to the Ecumenical Temple.
  7000 | Temple   | Entered the Ecumenical Temple
  7341 | D:7      | Reached skill level 5 in Fighting
  7862 | D:2      | Bought a potion of might for 56 gold pieces
  7946 | D:8      | Reached ** piety under Beogh
  8382 | D:8      | Reached XP level 10. HP: 80/84 MP: 12/12
  8387 | D:8      | Reached skill level 5 in Armour
  8389 | D:8      | Reached skill level 5 in Shields
  8539 | D:8      | Found a runed translucent door.
  8539 | D:8      | Noticed jujuben's ghost (novice GrEE)
  8539 | D:8      | Noticed a centaur warrior
  8808 | D:9      | Noticed Pikel
  8817 | D:9      | Killed Pikel
  8831 | D:9      | Noticed a guardian serpent
  8832 | D:9      | Noticed a purple ugly thing
  8858 | D:9      | Noticed a two-headed ogre
  8863 | D:9      | Noticed a black mamba
  8866 | D:9      | Killed a two-headed ogre
  8867 | D:9      | Reached skill level 5 in Invocations
  8871 | D:9      | a black mamba changed into a rime drake
  8875 | D:9      | a rime drake changed into an entropy weaver
  8875 | D:9      | Noticed an entropy weaver (shapeshifter)
  8892 | D:9      | an entropy weaver changed into a wind drake
  8992 | D:9      | Reached skill level 15 in Axes
  9109 | D:2      | Bought a +0 cloak of stealth for 149 gold pieces
  9355 | D:9      | Noticed a kobold demonologist
  9364 | D:9      | Killed a kobold demonologist
  9459 | D:9      | Noticed a two-headed ogre
  9694 | D:9      | Killed a purple ugly thing
  9695 | D:9      | Reached XP level 11. HP: 69/95 MP: 15/15
  9698 | D:9      | Killed a two-headed ogre
  9698 | D:9      | Reached *** piety under Beogh
  9803 | D:9      | Identified the +1 cloak "Cyqiv" {Regen+}
 10149 | D:9      | Found a hazy altar of Hepliaklqana.
 10330 | D:10     | Entered Level 10 of the Dungeon
 10810 | D:10     | Noticed Snorg
 10820 | D:10     | Killed Snorg
 11084 | D:10     | Found a staircase to the Lair.
 11149 | D:11     | Noticed Erolcha
 11156 | D:11     | Killed Erolcha
 11157 | D:11     | Reached skill level 10 in Fighting
 11259 | D:11     | Noticed a two-headed ogre
 11268 | D:11     | Killed a two-headed ogre
 11339 | D:11     | Noticed a two-headed ogre
 11345 | D:11     | Killed a two-headed ogre
 11345 | D:11     | Gained Wargath as an ally
 11626 | D:11     | Found a staircase to the Orcish Mines.
 11956 | D:12     | Noticed a tengu warrior
 11957 | D:12     | Noticed a two-headed ogre
 11960 | D:12     | Killed a tengu warrior
 11964 | D:12     | Killed a two-headed ogre
 11965 | D:12     | Reached XP level 12. HP: 108/108 MP: 17/17
 12216 | D:2      | Bought a potion of resistance for 120 gold pieces
 12342 | D:8      | Killed a centaur warrior
 12345 | D:8      | Killed jujuben's ghost
 12346 | D:8      | Identified the ring of Attitude {rPois rF+ Int+6 Dex-5
                  | Slay+2}
 12427 | Lair:1   | Entered Level 1 of the Lair of Beasts
 12427 | Lair:1   | Noticed a boulder beetle
 12427 | Lair:1   | Noticed a boulder beetle
 12431 | Lair:1   | Killed a boulder beetle
 12440 | Lair:1   | Killed a boulder beetle
 12441 | Lair:1   | Reached skill level 5 in Dodging
 12572 | Lair:1   | Reached **** piety under Beogh
 12716 | Lair:1   | Reached skill level 16 in Axes
 12963 | Lair:1   | Noticed Prince Ribbit
 12969 | Lair:1   | Killed Prince Ribbit
 13136 | Lair:1   | Found a runed translucent gate.
 13136 | Lair:1   | Found a runed translucent gate.
 13136 | Lair:1   | Found a runed translucent gate.
 13143 | Lair:1   | Noticed boopmooplesden's ghost (journeyman GrBe)
 13412 | Lair:1   | Noticed Gastronok
 13421 | Lair:1   | Killed Gastronok
 14937 | Lair:3   | Noticed a death yak
 14938 | Lair:3   | Noticed a death yak
 14946 | Lair:3   | Killed a death yak
 14950 | Lair:3   | Killed a death yak
 14950 | Lair:3   | Noticed a death yak
 14955 | Lair:3   | Killed a death yak
 14955 | Lair:3   | Gained Boderik as an ally
 15307 | Lair:3   | Found a staircase to the Shoals.
 15432 | Lair:3   | Reached XP level 13. HP: 119/119 MP: 19/19
 15847 | Lair:3   | Found a staircase to the Snake Pit.
 15889 | Lair:3   | Reached ***** piety under Beogh
 16615 | Lair:4   | Found a blossoming altar of Fedhas.
 16966 | Lair:4   | Found a staircase to the Slime Pits.
 16987 | Lair:4   | Identified the +0 cloak "Tuoboit" {rCorr Str+6 Int+3}
 17332 | Lair:4   | Noticed Rupert
 17856 | Lair:4   | Your ally Wargath died
 17871 | Lair:4   | Killed Rupert
 18036 | Lair:5   | Entered Level 5 of the Lair of Beasts
 18061 | Lair:5   | Gained Brandogh as an ally
 18799 | Lair:5   | Reached skill level 10 in Invocations
 19068 | Lair:5   | Reached skill level 17 in Axes
 19853 | Lair:5   | Found a large runed translucent door.
 19993 | Lair:5   | Noticed a fire dragon
 20181 | Lair:5   | Found a large runed translucent door.
 20329 | Lair:5   | Reached XP level 14. HP: 132/132 MP: 21/21
 21015 | Lair:5   | Identified the ring "Wutzum" {Ice Will- Str+7 Int-2}
 21591 | D:12     | Noticed Jorgrun
 21600 | D:12     | Killed Jorgrun
 21762 | D:12     | Reached ****** piety under Beogh
 21960 | D:12     | Found a radiant altar of Vehumet.
 22002 | D:12     | Reached skill level 10 in Armour
 22012 | D:12     | Reached skill level 10 in Shields
 22659 | Orc:1    | Entered Level 1 of the Orcish Mines
 22659 | Orc:1    | Noticed Erica
 22665 | Orc:1    | Killed Erica
 22745 | Orc:1    | Noticed Fannar
 22755 | Orc:1    | Killed Fannar
 23539 | Orc:2    | Entered Level 2 of the Orcish Mines
 23615 | Orc:2    | Found Riacor's Weapon Shop.
 23615 | Orc:2    | Found Roixumuh's Distillery.
 23619 | Orc:2    | Paralysed by an orc sorcerer for 2 turns
 23625 | Orc:2    | Reached skill level 15 in Fighting
 23629 | Orc:2    | Found Dotze's Assorted Antiques.
 23629 | Orc:2    | Found Winoprue's Antique Armour Shop.
 23851 | Orc:2    | Found a staircase to the Elven Halls.
 23851 | Orc:2    | Noticed Josephine
 23859 | Orc:2    | Killed Josephine
 23861 | Orc:2    | Gained Murdo as an ally
 24450 | Orc:2    | Found a shimmering blue altar of Sif Muna.
 24532 | Orc:2    | Got Sif Muna's Verses on the Adder
 24858 | D:2      | Bought a +3 plate armour of poison resistance for 588 gold
                  | pieces
 25112 | Orc:2    | Bought a potion of curing for 63 gold pieces
 25112 | Orc:2    | Bought a potion of invisibility for 168 gold pieces
 25112 | Orc:2    | Bought a scroll of teleportation for 63 gold pieces
 25112 | Orc:2    | Bought a potion of heal wounds for 105 gold pieces
 25112 | Orc:2    | Bought a potion of heal wounds for 105 gold pieces
 25743 | D:13     | Gained Horkud as an ally
 26095 | D:13     | Gained Bogwik as an ally
 26185 | D:13     | Your ally Bogwik died
 27215 | D:14     | Found an iron altar of Okawaru.
 27223 | D:14     | Identified the +6 falchion of the Coin {venom, rCorr Str+6
                  | Dex-4 SInv}
 27353 | D:14     | Reached XP level 15. HP: 101/141 MP: 23/23
 27392 | D:14     | Reached skill level 18 in Axes
 28890 | D:14     | Found a gate to the Vaults.
 29523 | D:15     | Entered Level 15 of the Dungeon
 29571 | D:15     | Noticed Azrael
 29579 | D:15     | Killed Azrael
 29600 | D:15     | Your ally Horkud died
 30259 | D:15     | Found a staircase to the Depths.
 30401 | D:15     | Found a flickering gateway to a bazaar.
 31076 | Lair:1   | Killed boopmooplesden's ghost
 31418 | Lair:5   | Identified the ring "Golonit" {MP+9 Stlth+}
 31552 | Snake:1  | Entered Level 1 of the Snake Pit
 32051 | Snake:1  | Found a transporter.
 32051 | Snake:1  | Noticed a nagaraja
 32051 | Snake:1  | Noticed ShellytheWitch's ghost (journeyman OgAE)
 32393 | Snake:1  | Identified a scroll of acquirement
 32394 | Snake:1  | Acquired 1174 gold pieces
 32410 | Snake:1  | Found Ycecliom's Book Emporium.
 32414 | Snake:1  | Bought a manual of Dodging for 1200 gold pieces
 32449 | Snake:1  | Identified the amulet of Piul {Acrobat Slay+3}
 32465 | Snake:1  | Reached XP level 16. HP: 107/155 MP: 25/25
 33730 | Snake:1  | Gained Okrist as an ally
 33731 | Snake:1  | Your ally Okrist died
 33973 | Snake:1  | Found a transporter.
 34427 | Snake:2  | Noticed Vashnia
 35261 | Snake:2  | Noticed Rosiov's ghost (adept GnDe)
 36077 | Snake:2  | Killed Vashnia
 36088 | Snake:2  | HP: 1/155 [naga sharpshooter/arrow[Vashnia] (14)]
 36089 | Snake:2  | Shot with a bolt by a naga sharpshooter

Illustrated notes

Levels and vault maps discovered:
D:1:      dpeg_arrival_ternary, layout_loops_ring, st_stairs_5,
          minmay_heptomino_l4
D:2:      layout_loops_ring, serial_shops, shop, nicolae_shop_statue_plus,
          nicolae_shop_hallway_plus, shop, nicolae_shop_hallway_stairs,
          basic_ecumenical_altar, grunt_decor_junction,
          kennysheep_generic_room_6
D:3:      layout_loops_cross, grunt_temple_overflow_bloody_war
D:4:      layout_layer_cave, mainiacjoe_overflow_catwalk, minmay_strange_pillars
D:5:      layout_rooms, kennysheep_generic_room_13, uniq_eustachio,
          uniq_menkaure
D:6:      layout_loops_ring, minmay_holes
D:7:      layout_rooms, minmay_temple_entry_stoned_glass
D:8:      layout_cave_pools, ebering_ghost_inner_flame
D:9:      layout_small_grid, nicolae_hepliaklqana_hippocampus,
          minmay_mirror_moons_of_madness, uniq_pikel
D:10:     layout_basic, lair_entry_dummy, uniq_snorg
D:11:     layout_long_grid, david_orc_1_choice, uniq_erolcha
D:12:     layout_layer_cave, nicolae_vehumet_radiance, uniq_jorgrun
D:13:     minmay_diamond_stairs, layout_basic, nicolae_straight_to_the_point
D:14:     layout_basic, skrybe_vaults_entry_preservation,
          okawaru_ov_weapons_minmay
D:15:     hangedman_depths_entry_civil_slaughter, layout_irregular_city,
          serial_shops, bzr_entry_islet, serial_bayou_shore_a, uniq_azrael
Temple:   mainiacjoe_temple_bowtie_tessellation
Lair:1:   layout_cave_pods, gammafunk_ghost_icy, uniq_prince_ribbit2,
          uniq_gastronok
Lair:2:   layout_regular_city
Lair:3:   layout_loops_ring, elwin_shoals_entry_rocks, dummy_snake_entry,
          nicolae_quartered_pool_impasse, dreamdust_mushroom_princess,
          grunt_forest_stairs_clearing, infiniplex_staircase_pool
Lair:4:   layout_regular_city, slime_entry_1, hangedman_tree_tricks,
          serial_bayou_pond_d, grunt_megastairs_2, lemuel_fruit_tree,
          uniq_rupert
Lair:5:   cheibrodos_lair_end_hotspot, layout_long_grid,
          chequers_serial_rivers_small_b, st_stairs_4, minmay_lair_oklob_items
Snake:1:  cheibrodos_snake_ritualist_ritual, layout_misc_corridors,
          serial_shops, nicolae_book_shop_shelving, gammafunk_ghost_arena
Snake:2:  layout_rooms, gammafunk_ghost_berserking_beasts, serial_shops, shop,
          minmay_shop_grove, serial_bayou_shore_b, uniq_vashnia
Orc:1:    layout_caves, nicolae_orc_lava_tube, uniq_fannar, uniq_erica
Orc:2:    grunt_orc_tribal_feast, layout_caves, led_sif_book, uniq_josephine

Skill      XL: |  1  2  3  4  5  6  7  8  9 10 11 12 13 14 15 16 |
---------------+-------------------------------------------------+-----
Axes           | 3 4 5 6 8 9 11 14 15 16 17 18 | 18.9
Fighting       | 4 6 8 10 12 14 15 17 | 17.5
Invocations    | 1 3 5 7 9 10 11 13 | 13.4
Dodging        | 2 3 4 5 6 7 8 9 |  9.1
Armour         | 4 6 7 8 9 10 11 | 11.9
Shields        | 4 6 7 8 9 10 11 | 11.9

Action                     |  1- 3 |  4- 6 |  7- 9 | 10-12 | 13-15 | 16-18 || total
---------------------------+-------+-------+-------+-------+-------+-------++-------
  Melee: War axe           |    94 |   118 |       |    67 |   619 |    97 ||   995
         Hand axe          |       |       |   296 |   233 |       |       ||   529
         Morningstar       |       |       |       |       |    43 |       ||    43
  Throw: Throwing net      |       |       |     1 |       |       |       ||     1
         Boomerang         |       |       |       |       |    29 |    33 ||    62
 Invoke: Convert to Beogh  |       |       |     1 |       |       |       ||     1
         Recall Orcish Fol |       |       |       |       |     5 |       ||     5
         Give Item to Name |       |       |       |       |     5 |       ||     5
         Resurrection      |       |       |       |       |     1 |       ||     1
  Evoke: Wand              |       |       |     7 |     2 |       |       ||     9
    Use: Scroll            |       |     6 |     4 |    18 |     9 |     1 ||    38
         Potion            |       |     2 |     6 |     3 |    20 |     5 ||    36
   Stab: Invisible         |       |     5 |       |       |       |       ||     5
         Held in net/web   |       |       |     1 |       |       |       ||     1
         Distracted        |       |       |       |     4 |     5 |       ||     9
         Confused          |       |       |       |       |       |     1 ||     1
         Paralysed         |       |       |       |       |       |     1 ||     1
 Armour: Scale mail        |    46 |    46 |    30 |       |       |       ||   122
         Chain mail        |       |       |    63 |   122 |   114 |       ||   299
         Plate armour      |       |       |       |       |   122 |    45 ||   167
  Dodge: Dodged            |    39 |    50 |    97 |   163 |   313 |    81 ||   743
  Block: Buckler           |    24 |    21 |    57 |    19 |       |       ||   121
         Kite shield       |       |       |       |   106 |   286 |    80 ||   472
